 Dungeon Crawl Stone Soup version 0.28.0-53-g5a82cb258f (webtiles) character file.

Game seed: 2380159428603130833

33 sakkuzi the Skirmisher (level 3, -1/33 HPs)
             Began as a Draconian Fighter on July 17, 2022.
             Slain by a worm (8 damage)
             ... on level 2 of the Dungeon.
             The game lasted 00:02:36 (694 turns).

sakkuzi the Skirmisher (Draconian Fighter)           Turns: 694, Time: 00:02:37

Health: -1/33      AC:  5    Str: 20    XL:     3   Next: 12%
Magic:  3/3        EV: 12    Int:  8    God:
Gold:   72         SH:  4    Dex: 10    Spells: 2/2 levels left

rFire   . . .      SeeInvis .   a - +0 long sword
rCold   . . .      Faith    .   b - +0 buckler
rNeg    . . .      Spirit   .   (armour unavailable)
rPois   .          Reflect  .   (helmet restricted)
rElec   .          Harm     .   (no cloak)
rCorr   .          Rampage  .   (no gloves)
Will    .....                   (no boots)
Stlth   +.........              (no amulet)
HPRegen 0.11/turn               (no ring)
MPRegen 0.08/turn               (no ring)

@: no status effects
A: AC +5, unfitting armour, cold-blooded
a: no special abilities


You were on level 2 of the Dungeon.
You visited 1 branch of the dungeon, and saw 2 of its levels.

You collected 72 gold pieces.

Inventory:

Hand Weapons
 a - a +0 long sword (weapon)
 h - a +0 short sword of venom
Armour
 b - a +0 buckler (worn)
Jewellery
 f - an amulet of faith
Potions
 c - a potion of might
 d - a potion of heal wounds
 e - a potion of cancellation {unknown}
 i - a potion of curing {unknown}
 j - a potion of flight {unknown}


   Skills:
 + Level 3.6 Fighting
 + Level 2.4 Long Blades
 + Level 3.0 Dodging
 + Level 3.3 Shields


You had 2 spell levels left.
You didn't know any spells.
Your spell library was empty.

Dungeon Overview and Level Annotations

Branches:
Dungeon (1/15)

Altars:


Innate Abilities, Weirdness & Mutations

Your plain brown scales are hard. (AC +5)
You cannot fit into any form of body armour.
You are cold-blooded and may be slowed by cold attacks.


Message History

You hit the ball python.
You kill the ball python!
You see here a ball python corpse.
You hit the worm.
The worm is moderately wounded.
The worm bites you.
You hit the worm but do no damage.
Your tail-slap misses the worm.
The worm is lightly wounded.
The worm bites you!
You hit the worm but do no damage.
The worm is lightly wounded.
You block the worm's attack.
You hit the worm. You tail-slap the worm.
The worm is severely wounded.
The worm closely misses you.
You hit the worm.
The worm is severely wounded.
You hit the worm.
The worm is almost dead.
The worm bites you but does no damage.
You barely miss the worm.
The worm is almost dead.
The worm bites you.
You hit the worm but do no damage.
The worm is severely wounded.
The worm closely misses you.
You hit the worm.
The worm is almost dead.
You barely miss the worm.
The worm is almost dead.
The worm bites you!
* * * LOW HITPOINT WARNING * * *
You hit the worm.
The worm is almost dead.
The worm bites you.
* * * LOW HITPOINT WARNING * * *
You barely miss the worm.
The worm is severely wounded.
The worm bites you!
You die...

#.......#...#
#.......#...# ..
##.....##...##..
#.....# .......
#.....# .......
#.....##.....##
#..............
#..............
#....@w†.......
#.......###....
####....# . .
#....# #...)#
#....# ######


You could see a worm.

Vanquished Creatures
  An adder (D:2)
  A giant cockroach (D:2)
  3 goblins
  3 hobgoblins
  A quokka (D:2)
  3 ball pythons
  2 bats
  2 frilled lizards
  4 kobolds
  4 rats
24 creatures vanquished.

Notes
Turn   | Place    | Note
-------+----------+-------------------------------------------
     0 | D:1      | sakkuzi the Draconian Fighter began the quest for the Orb.
     0 | D:1      | Reached XP level 1. HP: 19/19 MP: 1/1
   280 | D:1      | Reached XP level 2. HP: 24/26 MP: 2/2
   283 | D:1      | You fall into a shaft and drop 1 floor!
   478 | D:2      | Reached XP level 3. HP: 17/33 MP: 3/3
   694 | D:2      | Slain by a worm

Illustrated notes

Levels and vault maps discovered:
D:1:      nagdon_arrival_double_spiral, layout_basic
D:2:      layout_basic, shapermc_ecumenical_altar_notcrosses, serial_shops,
          nicolae_shop_bloodbath_and_beyond, minmay_hexomino_c4

Skill      XL: |  1  2 |
---------------+-------+-----
Dodging        | 3 |  3.0
Fighting       | |  3.6
Long Blades    | |  2.4
Shields        | |  3.3

Action                   || total
-------------------------++-------
Melee: Long sword        ||    81
       Tailslap          ||     7
  Use: Scroll            ||     1
Armor: Skin              ||    28
Dodge: Dodged            ||    43
Block: Buckler           ||    19
